 Dungeon Crawl Stone Soup version 0.31-a0-232-gb1c03b2570 (webtiles) character file.

Game seed: 16565963235378508135

44 qw the Shooter (level 3, 0/21 HPs)
             Began as a Gargoyle Hexslinger on July 7, 2023.
             Slain by Sigmund
             ... wielding a +0 scythe
              (3 damage)
             ... on level 2 of the Dungeon.
             The game lasted 00:00:22 (940 turns).

qw the Shooter (Gargoyle Hexslinger)                 Turns: 940, Time: 00:00:23

Health: 0/21       AC:  6    Str: 11    XL:     3   Next: 60%
Magic:  4/4        EV: 12    Int: 13    God:
Gold:   157        SH:  0    Dex: 14    Spells: 3/4 levels left

rFire   . . .        Y - +2 sling
rCold   . . .        (no shield)
rNeg    + . .        c - +0 robe
rPois   inf          (no helmet)
rElec   +            (no cloak)
rCorr   .            f - +0 pair of gloves
SInv    .            (no boots)
Will    .....        (no amulet)
Stlth   +            (no ring)
HPRegen 0.23/turn    (no ring)
MPRegen 0.09/turn

%: no passive effects
@: no status effects
A: sickness immunity, AC +3, negative energy resistance 1, electricity
resistance, torment resistance 1, petrification resistance
a: no special abilities


You were on level 2 of the Dungeon.
You visited 1 branch of the dungeon, and saw 2 of its levels.

You collected 157 gold pieces.


Innate Abilities, Weirdness & Mutations

You are immune to sickness and miasma.
Your stone body is resilient. (AC +3)
You are immune to poison.
You resist negative energy. (rN+)
You are resistant to electric shocks. (rElec)
You are resistant to unholy torment.
You are immune to petrification.


   Skills:
 - Level 2.0 Fighting
 + Level 3.5 Ranged Weapons
 - Level 1.5 Dodging
 - Level 1.0 Spellcasting
 - Level 2.6 Hexes


You had 3 spell levels left.
You knew the following spells:

 Your Spells              Type           Power      Damage    Failure   Level
a - Slow                  Hex            28%        N/A       10%         1

Your spell library contained the following spells:

 Spells                   Type           Power      Damage    Failure   Level
 Inner Flame              Hex/Fire       4%         N/A       43%         3
 Portal Projectile        Hex/Tloc       8%         N/A       43%         3
 Cause Fear               Hex            3%         N/A       67%         4

Inventory:

Hand Weapons
 Y - a +2 sling (weapon)
Armour
 a - a +0 pair of boots
 c - a +0 robe (worn)
 f - a +0 pair of gloves (worn)
 i - a +0 leather armour
Jewellery
 b - a ring of wizardry
Scrolls
 d - a scroll of identify {unknown}
Potions
 e - 2 potions of curing {unknown}
 g - a potion of invisibility {unknown}
 h - 2 potions of haste {unknown}

Dungeon Overview and Level Annotations

Branches:
Dungeon (2/15)

Altars:

Annotations:
D:2 Sigmund


Message History

Enter note:
Enter note:
Enter note:
Enter note: You see here 7 stones.
Sigmund the Dreaded comes into view.
He is wielding a +0 scythe.
Sigmund shouts!
Sigmund mumbles some strange words.
Sigmund flickers and vanishes!
Deactivating autopickup; reactivate with Ctrl-A.
Enter note:
Enter note:
Enter note:
Enter note:
Enter note:
Enter note: You shoot a sling bullet.
A puff of flame appears from out of thin air!
The puff of flame misses you.
You shoot a sling bullet.
A magic dart appears from out of thin air!
The magic dart hits you.
You shoot a sling bullet.
You hear some strange, mumbled words.
Something tries to affect you, but you resist.
You shoot a sling bullet. Something completely misses you.
You shoot a sling bullet. Something hits you.
You shoot a sling bullet. You shoot a sling bullet.
You hear some strange, mumbled words.
A puff of flame appears from out of thin air!
The puff of flame hits you. Something hits you.
You shoot a sling bullet. You shoot a sling bullet. Something hits you.
You shoot a sling bullet. Something hits you.
You die...

####### ##
######.%.... ..
#......#.... #.
#.######.#.. #. #.#
#.#.. #{ #.# #.#.#
#.######.######....
#.@...............#
..#
########.########.#
#.# #.##### #.# #.#
####.#...# #.# #.#
#........## #.# #.#
#.##......###.# #.#
#.##.#####.##.# #.#
#.#.## ####...#
##.##
#.#..###.#.##.#


There were no monsters in sight!

Vanquished Creatures
  An adder (D:2)
  3 dart slugs
  4 ball pythons (D:1)
  An endoplasm (D:1)
  3 goblins
  A hobgoblin (D:1)
  2 jackals (D:1)
  2 quokkas (D:2)
  4 bats
  A frilled lizard (D:1)
  3 kobolds
  3 rats
28 creatures vanquished.

Notes
Turn   | Place    | Note
-------+----------+-------------------------------------------
     0 | D:1      | qw the Gargoyle Hexslinger began the quest for the Orb.
     0 | D:1      | Reached XP level 1. HP: 12/12 MP: 2/2
     0 | D:1      | 0 ||| qw: Version: 0.3-a-46-gb1f654a
     0 | D:1      | 0 ||| qw: Game counter: 2232
     0 | D:1      | 0 ||| qw: Melee chars always use a shield: true
     0 | D:1      | 0 ||| qw: God list: Okawaru
     0 | D:1      | 0 ||| qw: Allow faded altars: false
     0 | D:1      | 0 ||| qw: Do Orc after clearing Dungeon:15 true
     0 | D:1      | 0 ||| qw: Do second Lair branch before Depths: true
     0 | D:1      | 0 ||| qw: Lair rune preference: random
     0 | D:1      | 0 ||| qw: Goals: Normal
     0 | D:1      | 0 ||| PLANNING D:1-11
    82 | D:1      | Reached XP level 2. HP: 16/16 MP: 3/3
   107 | D:1      | Reached skill level 3 in Ranged Weapons
   291 | D:1      | Found a faded altar of an unknown god.
   297 | D:1      | Reached XP level 3. HP: 21/21 MP: 4/4
   370 | D:1      | 370 ||| UPGRADING to +0 pair of gloves.
   375 | D:1      | 375 ||| READING scroll labelled DEX GEONIGEU.
   376 | D:1      | 376 ||| READING scroll labelled JIBUTO CEGRILL.
   377 | D:1      | 377 ||| READING scroll labelled JIPOPO UCWA.
   378 | D:1      | 378 ||| DRINKING 2 amethyst potions.
   379 | D:1      | 379 ||| DROPPING scroll of poison.
   380 | D:1      | 380 ||| DROPPING potion of attraction.
   930 | D:2      | Noticed Sigmund
   939 | D:2      | HP: 3/21 [something (5)]
   940 | D:2      | Slain by Sigmund

Levels and vault maps discovered:
D:1:      minmay_arrival_solitary_statue, layout_rooms,
          chequers_ecumenical_altar_island
D:2:      layout_loops_ring, uniq_sigmund

Skill      XL: |  1  2  3 |
---------------+----------+-----
Ranged Weapons | 3 |  3.5
Fighting       | 2 |  2.0
Dodging        | |  1.5
Spellcasting   | |  1.0
Hexes          | |  2.6

Action                     || total
---------------------------++-------
   Fire: Sling             ||    82
    Use: Scroll            ||     3
         Potion            ||     1
 Armour: Robe              ||    10
  Dodge: Dodged            ||    23

Table legend:
 A = Non-vault XP
 B = Vault XP
 C = Vault XP percentage of total XP
 D = Non-vault monster count
 E = Vault monster count
 F = Vault count percentage of total count
                 A         B        C        D         E       F
            +---------+---------+-------+---------+---------+-------
      Total |      63 |       0 |   0.0 |      28 |       0 |   0.0
            +---------+---------+-------+---------+---------+-------
        D:1 |      35 |       0 |   0.0 |      19 |       0 |   0.0
        D:2 |      28 |       0 |   0.0 |       9 |       0 |   0.0
            +---------+---------+-------+---------+---------+-------
